 Dungeon Crawl Stone Soup version 0.15.2 (webtiles) character file.

10 araganzar the Charmwright (level 2, 0/22 HPs)
             Began as a Demonspawn Skald on Jan 6, 2015.
             Slain by a kobold
             ... wielding a +0 short sword
              (3 damage)
             ... on Level 1 of the Dungeon.
             The game lasted 00:00:46 (696 turns).

araganzar the Charmwright (Demonspawn Skald)         Turns: 696, Time: 00:00:46

HP   0/22        AC  5     Str 12      XL: 2   Next: 10%
MP   3/4         EV 10     Int 13      God:
Gold 9           SH  0     Dex 12      Spells:  1 memorised,  4 levels left

rFire  . . .     SeeInvis .     a - +0 spear
rCold  . . .     Clarity  .     b - +0 leather armour
rNeg   . . .     rCorr    .     (no shield)
rPois  .         rRot     .     (no helmet)
rElec  .         Spirit   .     (no cloak)
SustAb .         Warding  .     (no gloves)
rMut   .         Stasis   .     (no boots)
Gourm  .                        (no amulet)
MR     .....                    (no ring)
                                (no ring)

@: very slightly contaminated, not resistant to hostile enchantments, very
unstealthy
A: thin metallic scales 1
a: no special abilities


You were on level 1 of the Dungeon.
You were not hungry.

You visited 1 branch of the dungeon, and saw 1 of its levels.

You collected 9 gold pieces.


Innate Abilities, Weirdness & Mutations

You are partially covered in thin metallic scales (AC +2).


   Skills:
 + Level 2.0 Fighting
 + Level 2.1 Polearms
 - Level 0.8 Armour
 - Level 0.8 Dodging
 + Level 2.1 Spellcasting
 + Level 2.9 Charms


You had 4 spell levels left.
You knew the following spells:

 Your Spells              Type           Power        Failure   Level  Hunger
a - Infusion              Chrm           #.....       10%         1    ##.....


Dungeon Overview and Level Annotations

Branches:
Dungeon (1/15)

Altars:

Inventory:

Hand weapons
 a - a +0 spear (weapon)
Missiles
 f - 11 poisoned needles
Armour
 b - a +0 leather armour (worn)
Comestibles
 d - a bread ration
 g - a slice of pizza
 h - a rotting chunk of giant gecko flesh {@*1}
Scrolls
 e - a scroll of noise {unknown}
Books
 c - a book of Battle

   Spells                             Type                      Level
   *Infusion                          Charms                       1
   Shroud of Golubria                 Charms/Translocation         2
   Song of Slaying                    Charms                       2
   Spectral Weapon                    Hexes/Charms                 3
   Regeneration                       Charms/Necromancy            3

. # #.#.#.. #.# ..... #.#
#.... #.# #.... #.##
#...#+#+# ...##
#...#.#.###### ....##
#.g#@#.#....# .....##
##..#K#......# ......##
.#K.#.#......# .......##
.##..........#.# .#......##
..#.#.#.#....#.#
###......###.#.#.#.#....#.#
# ##......##.#...#.#....#.#
##......#.#...#.#....#.#
##.......#...#.#....#.#


You could see a kobold.


Message History

You miscast Infusion.
You are very lightly contaminated with residual magic.
You feel a strange surge of energy! The giant gecko barely misses you.
The giant gecko bites you.
You completely miss the giant gecko. The giant gecko bites you.
You are too injured to fight recklessly!
You hit the giant gecko.
The giant gecko is moderately wounded.
The giant gecko closely misses you.
You hit the giant gecko.
The giant gecko is severely wounded.
The giant gecko bites you but does no damage.
You are too injured to fight recklessly!
You barely miss the giant gecko.
The giant gecko is severely wounded.
The giant gecko bites you.
* * * LOW HITPOINT WARNING * * *
You hit the giant gecko.
You kill the giant gecko!
You have reached level 2!
Your demonic ancestry asserts itself...
Thin metallic scales grow over part of your body.
You hit the goblin.
The goblin is severely wounded.
The goblin barely misses you.
Unknown command.
You hit the goblin.
You kill the goblin!
Unknown command.
Unknown command.
You barely miss the kobold. The kobold barely misses you.
Unknown command.
You closely miss the kobold. The kobold hits you with a short sword.
* * * LOW HITPOINT WARNING * * *
You closely miss the kobold. The kobold hits you but does no damage.
Unknown command.
You barely miss the kobold. The kobold hits you but does no damage.
Unknown command.
You barely miss the kobold. The kobold hits you but does no damage.
Unknown command.
You barely miss the kobold. The kobold hits you with a short sword.
* * * LOW HITPOINT WARNING * * *
You hit the kobold.
The kobold is moderately wounded.
The kobold barely misses you.
Unknown command.
You hit the kobold.
The kobold is moderately wounded.
The kobold barely misses you.
Unknown command.
You closely miss the kobold.
The kobold is moderately wounded.
The kobold closely misses you.
Unknown command.
You miss the kobold.
The kobold is moderately wounded.
The kobold barely misses you.
Unknown command.
You closely miss the kobold.
The kobold is moderately wounded.
The kobold hits you with a short sword.
* * * LOW HITPOINT WARNING * * *
You hit the kobold but do no damage.
The kobold is moderately wounded.
The kobold hits you with a short sword.
* * * LOW HITPOINT WARNING * * *
You hit the kobold.
The kobold is severely wounded.
The kobold hits you with a short sword.
You die...

Action                   || total
-------------------------++-------
Melee: Spear             ||    54

Vault maps used:
D:1:      dpeg_arrival_central

Notes
Turn   | Place    | Note
--------------------------------------------------------------
     0 | D:1      | araganzar, the Demonspawn Skald, began the quest for the Orb.
     0 | D:1      | Reached XP level 1. HP: 16/16 MP: 3/3
   660 | D:1      | Reached skill level 2 in Polearms
   681 | D:1      | Gained mutation: You are partially covered in thin metallic scales (AC +2). [demonic ancestry]
   681 | D:1      | Reached XP level 2. HP: 8/22 MP: 2/4
   695 | D:1      | HP: 3/22 [kobold/short sword (3)]
   696 | D:1      | Slain by a kobold

Vanquished Creatures
  2 giant geckos (D:1)
  A goblin (D:1)
  A hobgoblin (D:1)
  2 kobolds (D:1)
  3 rats (D:1)
9 creatures vanquished.
